 Dungeon Crawl Stone Soup version 0.19-a0-36-g4a0968a (webtiles) character file.

32 M4edhros the Grave Robber (level 3, 0/21 HPs)
             Began as an Octopode Necromancer on May 3, 2016.
             Slain by a worm (2 damage)
             ... on level 2 of the Dungeon.
             The game lasted 00:04:14 (711 turns).

M4edhros the Grave Robber (Octopode Necromancer)     Turns: 711, Time: 00:04:14

Health: 0/21       AC:  1    Str:  7    XL:     3   Next: 27%
Magic:  2/6        EV: 12    Int: 17    God:
Gold:   111        SH:  0    Dex: 13    Spells: 3 memorised, 2 levels left

rFire  . . .     SeeInvis .     (no weapon)
rCold  . . .     Gourm    .     (no shield)
rNeg   . . .     Faith    .     (helmet restricted)
rPois  .         Spirit   .     (no amulet)
rElec  .         Dismiss  .     c - ring of resist corrosion
rCorr  +         Reflect  .     (no ring)
SustAt .         Harm     .     (no ring)
MR     .....                    (no ring)
Stlth  +++.......               (no ring)
                                (no ring)
                                (no ring)
                                (no ring)

@: very slightly contaminated, hasted, very quick, not resistant to hostile
enchantments, fairly stealthy
A: almost no armour, amphibious, 8 rings, constrict 8, camouflage 1, gelatinous
body 1
a: no special abilities


You were on level 2 of the Dungeon.
You were hungry.

You visited 1 branch of the dungeon, and saw 2 of its levels.

You collected 111 gold pieces.

Inventory:

Jewellery
 c - a ring of resist corrosion (left tentacle)
Books
 a - a book of Necromancy

   Spells                             Type                      Level
   a - Pain                           Necromancy                   1
   b - Animate Skeleton               Necromancy                   1
   c - Vampiric Draining              Necromancy                   3
   d - Regeneration                   Charms/Necromancy            3
   e - Animate Dead                   Necromancy                   4
   f - Control Undead                 Necromancy                   4
Comestibles
 b - a bread ration
 d - 3 meat rations


   Skills:
 + Level 2.0 Dodging
 + Level 2.8 Stealth
 + Level 2.5 Spellcasting
 + Level 4.6 Necromancy


You had 2 spell levels left.
You knew the following spells:

 Your Spells              Type           Power        Failure   Level  Hunger
a - Pain                  Necr           ###.         2%          1    #......
b - Animate Skeleton      Necr           N/A          2%          1    #......
r - Regeneration          Chrm/Necr      ##........   24%         3    ###....


Dungeon Overview and Level Annotations

Branches:
Dungeon (2/15)

Altars:
Kikubaaqudgha


Innate Abilities, Weirdness & Mutations

You cannot wear most types of armour.
You are amphibious.
You can wear up to eight rings at the same time.
You can use your tentacles to constrict eight enemies at once.
Your skin changes colour to match your surroundings (Stealth).
Your rubbery body absorbs attacks (AC +1).


Message History

It is a scroll of identify.
You don't have any unidentified items.
Found 5 gold pieces.
A hobgoblin comes into view. It is wielding a club.
You tentacle-slap the worm but do no damage.
You grab the worm.
You constrict the worm, but do no damage.
You tentacle-slap the worm but do no damage.
You constrict the worm.
You tentacle-slap the worm but do no damage.
You squeeze the worm.
The worm is lightly wounded.
You constrict the worm. The worm closely misses you.
You tentacle-slap the worm but do no damage.
The worm is moderately wounded.
You constrict the worm.
You tentacle-slap the worm but do no damage.
The worm is moderately wounded.
You constrict the worm. The worm bites you.
You die...

# .. ... ..g. .....
######## ......######
#......#
.$....w@...###......#
.....#####w.........# ...
#####......#### .......
#.......... ........#
.####....†.#### ........#
............... .....#..#
####..?...####
........#### #........##
.....#.....#####......#...


You could see 2 worms and a hobgoblin (sleeping).

Vanquished Creatures
  A worm (D:2)
  2 giant geckos
  A ball python (D:1)
  A giant cockroach (D:1)
  4 hobgoblins
  2 jackals (D:2)
  5 bats
  A giant newt (D:1)
  4 goblins (D:2)
  A kobold (D:2)
  5 rats
27 creatures vanquished.

Vanquished Creatures (collateral kills)
  A hobgoblin (D:1)
1 creature vanquished.

Grand Total: 28 creatures vanquished

Notes
Turn   | Place    | Note
--------------------------------------------------------------
     0 | D:1      | M4edhros the Octopode Necromancer began the quest for the Orb.
     0 | D:1      | Reached XP level 1. HP: 11/11 MP: 3/3
    87 | D:2      | Reached XP level 2. HP: 2/17 MP: 0/5
   277 | D:2      | Found an ancient bone altar of Kikubaaqudgha.
   313 | D:1      | Learned a level 1 spell: Animate Skeleton
   529 | D:1      | Reached XP level 3. HP: 6/21 MP: 4/6
   572 | D:1      | Learned a level 3 spell: Regeneration
   692 | D:2      | HP: 1/21 [worm (11)]
   711 | D:2      | Slain by a worm

Vault maps used:
D:1:      mushboom_english_gardens
D:2:      old_standard_altar, first_bread, hangedman_abyss_or_decor_lesser_grid

Action                   || total
-------------------------++-------
Melee: Unarmed           ||    30
       Constrict         ||     7
       Tentacles         ||     5
 Cast: Pain              ||    36
       Animate Skeleton  ||     2
       Regeneration      ||     4
  Use: Scroll            ||     2
       Potion            ||     1
Armor: Skin              ||     3
Dodge: Dodged            ||    15
